 Dungeon Crawl Stone Soup version 0.17-a0-1311-gbcbd859 (webtiles) character file.

851 Fluffy the Cudgeler (level 8, -2/48 HPs)
             Began as a Gargoyle Fighter on June 8, 2015.
             Was an Initiate of Okawaru.
             Killed by divine providence
             ... invoked by an orc priest
              (15 damage)
             ... on level 6 of the Dungeon.
             The game lasted 00:08:49 (4293 turns).

Fluffy the Cudgeler (Gargoyle Fighter)              Turns: 4293, Time: 00:08:49

Health: -2/48      AC: 17    Str: 20    XL:     8   Next: 1%
Magic:  9/9        EV:  5    Int:  9    God:    Okawaru [......]
Gold:   173        SH:  9    Dex: 11    Spells: 0 memorised, 7 levels left

rFire  . . .     SeeInvis .     a - +0 flail
rCold  + . .     Clarity  .     m - +0 chain mail
rNeg   + . .     SustAt   .     c - +0 shield
rPois  ∞         Gourm    .     (no helmet)
rElec  +         Spirit   .     f - +0 cloak
rCorr  .         Warding  .     b - +0 pair of gloves
rMut   .         Stasis   .     (no boots)
MR     +....                    (no amulet)
Stlth  ..........               u - ring of protection from magic
                                p - ring of protection from cold

@: somewhat resistant to hostile enchantments, extremely unstealthy
A: negative energy resistance 1, electricity resistance, unbreathing,
petrification resistance, rot immunity, AC +5
a: Renounce Religion


You were on level 6 of the Dungeon.
You worshipped Okawaru.
Okawaru was noncommittal.
You were not hungry.

You visited 2 branches of the dungeon, and saw 7 of its levels.

You collected 173 gold pieces.

Inventory:

Hand weapons
 a - a +0 flail (weapon)
Armour
 b - a +0 pair of gloves (worn)
 c - a +0 shield (worn)
 f - a +0 cloak (worn)
 m - a +0 chain mail (worn)
Jewellery
 p - a ring of protection from cold (left hand)
 u - a ring of protection from magic (right hand)
 w - an uncursed ring of invisibility
Magical devices
 C - a wand of polymorph (5)
Scrolls
 h - 2 scrolls of blinking {unknown}
 j - 6 scrolls of remove curse {unknown}
 l - a scroll of recharging {unknown}
 o - a scroll of amnesia {unknown}
 q - 5 scrolls of identify {unknown}
 y - 2 scrolls of fog {unknown}
 z - a scroll of noise {unknown}
 B - a scroll of random uselessness {unknown}
 F - a scroll of enchant weapon {unknown}
 G - a scroll of enchant armour {unknown}
Potions
 d - 2 potions of might
 g - a potion of degeneration {unknown}
 i - 2 potions of heal wounds {unknown}
 k - a potion of beneficial mutation {unknown}
 r - a potion of berserk rage {unknown}
 s - a potion of haste {unknown}
 t - 2 potions of curing {unknown}
 v - a potion of agility {unknown}
 x - a potion of magic {unknown}
 E - a potion of poison {unknown}
Comestibles
 e - 3 bread rations
 n - 2 meat rations
 A - 2 fruits


   Skills:
 + Level 4.1 Fighting
 + Level 7.6 Maces & Flails
 + Level 4.1 Armour
 + Level 4.2 Shields
 + Level 2.1 Invocations


You had 7 spell levels left.
You didn't know any spells.

Dungeon Overview and Level Annotations

Branches:
Dungeon (6/15)             Temple (1/1) D:4

Altars:
Cheibriados
Dithmenos
Gozag
Nemelex Xobeh
Okawaru
Qazlal
Ru
Sif Muna
Yredelemnul

Shops:
D:6 *


Innate Abilities, Weirdness & Mutations

You are resistant to torment.
Your stone body is resilient (AC +5).
You are immune to poison.
You resist negative energy.
You are resistant to electric shocks.
You can survive without breathing.
You are immune to petrification.
You are immune to rotting.


Message History

The giant newt bites you but does no damage.
The orc wizard casts a spell.
The orc wizard flickers and vanishes!
Deactivating autopickup; reactivate with Ctrl-A.
The orc priest mumbles some strange prayers to Beogh against you.
Something smites you!
* * * LOW HITPOINT WARNING * * *
You thump the giant newt!
You kill the giant newt!
Okawaru accepts your kill.
The orc priest looks braver.
You block the giant newt's attack.
Your shield and chain mail prevent you from hitting the giant newt.
The giant newt bites you but does no damage.
You sock the giant newt!
You kill the giant newt!
You miss something. Something hits you but does no damage.
The orc priest mumbles some strange prayers to Beogh against you.
Something smites you!
You die...

..........<..†..#.#
................#.#####
.............##.#.....#
.............# .#####.#
.............# .# #.#
............... #.#
.............########.#
............#.......#
........... #@#######
.......... #.#
.........####o#########
............Kg........#
.............########.#
..............).#.....#
##..#..).....#.#.#####
# #.#.###....#.#
.......##.###.#


You could see an orc priest, a gnoll and a kobold.

Vanquished Creatures
  An ice beast (D:3)
  A phantom (D:5)
  An ogre (D:5)
  A giant frog (D:6)
  3 hounds (D:4)
  2 electric eels (D:6)
  A centaur skeleton (D:4)
  A jelly (D:6)
  A worker ant (D:5)
  Jessica (D:3)
  An orc wizard (D:4)
  8 adders
  3 gnolls (D:4)
  A shadow imp (D:5)
  3 oozes
  An adder skeleton (D:5)
  A worm (D:3)
  3 giant geckos
  9 orcs
  2 ball pythons
  A bat skeleton (D:4)
  2 bat zombies (D:5)
  6 giant cockroaches
  4 hobgoblins
  13 jackals
  10 kobolds
  8 bats
  A giant gecko skeleton (D:4)
  7 giant newts
  17 goblins
  A jackal skeleton (D:5)
  8 rats
123 creatures vanquished.

Notes
Turn   | Place    | Note
--------------------------------------------------------------
     0 | D:1      | Fluffy the Gargoyle Fighter began the quest for the Orb.
     0 | D:1      | Reached XP level 1. HP: 14/14 MP: 1/1
   165 | D:1      | Reached XP level 2. HP: 16/19 MP: 2/2
   172 | D:1      | You fall through a shaft!
   193 | D:2      | You fall through a shaft!
   241 | D:3      | Reached XP level 3. HP: 20/23 MP: 3/3
   260 | D:3      | Noticed Jessica
   271 | D:3      | Killed Jessica
   271 | D:3      | Reached skill level 4 in Maces & Flails
   290 | D:3      | Reached XP level 4. HP: 28/28 MP: 4/4
  1078 | D:2      | Reached skill level 5 in Maces & Flails
  1078 | D:2      | Reached XP level 5. HP: 32/32 MP: 5/5
  1480 | D:3      | Noticed an ice beast
  1493 | D:3      | Killed an ice beast
  1493 | D:3      | Reached skill level 6 in Maces & Flails
  1493 | D:3      | Reached XP level 6. HP: 32/37 MP: 6/6
  1548 | D:3      | Found a basalt altar of Yredelemnul.
  1646 | D:3      | You fall through a shaft for 2 floors!
  1646 | D:5      | Entered Level 5 of the Dungeon
  2476 | D:4      | Reached skill level 7 in Maces & Flails
  2723 | D:4      | Reached XP level 7. HP: 27/41 MP: 7/7
  2764 | D:4      | Found a staircase to the Ecumenical Temple.
  2773 | Temple   | Entered the Ecumenical Temple
  2871 | Temple   | Became a worshipper of Warmaster Okawaru
  3217 | D:5      | Found a sparkling altar of Nemelex Xobeh.
  3444 | D:5      | Found a stormy altar of Qazlal.
  3859 | D:5      | Reached skill level 1 in Invocations
  4212 | D:6      | Reached XP level 8. HP: 32/48 MP: 9/9
  4273 | D:6      | Found Zin's Purification Station.
  4293 | D:6      | Killed from afar by an orc priest

Vault maps used:
D:1:      eino_arrival_tree_alley, nrook_uturn, minmay_misc_feat_tower,
          nrook_loot_triangle
D:3:      lemuel_doored_altar, first_bread, minivault_27, uniq_jessica
D:4:      minmay_temple_entry_mist
D:5:      kennysheep_mini_moat, lemuel_round_altar
D:6:      grunt_temple_overflow_champion_of_chaos, tso_oasis_becter, zin_purify,
          serial_bayou, serial_bayou_ford_a, serial_bayou_pond_c,
          serial_bayou_pond_e, serial_bayou_pond_a, trog_eyes_of_draining
Temple:   circular_temple_6

Action                   |  1- 3 |  4- 6 |  7- 9 || total
-------------------------+-------+-------+-------++-------
Melee: Flail             |    65 |   340 |   127 ||   532
  Eat: Chunk             |       |     7 |     4 ||    11
       Fruit             |       |       |     1 ||     1
